 Dungeon Sprint DCSS version 0.15-a0-1619-g29500c9 (webtiles) character file.

4107 PolkaDot the Slicer (level 10, -4/89 HPs)
             Began as a Vampire Gladiator on June 20, 2014.
             Was a High Priest of Qazlal.
             Slain by a shadow imp (6 damage)
             ... in the Dungeon (Sprint V: "Ziggurat Sprint").
             The game lasted 00:10:44 (716 turns).

PolkaDot the Slicer (Vampire Gladiator)              Turns: 716, Time: 00:10:45

HP  -4/89        AC  8     Str 19      XL: 10   Next:  6%
MP  10/10        EV 36     Int 10      God: Qazlal [*****.]
Gold 0           SH  7     Dex 34      Spells:  1 memorised,  7 levels left

rFire  . . .     SeeInvis +     l - +5 cutlass
rCold  . . .     Clarity  .     b - +0 leather armour
rNeg   + . .     rCorr    +     (no shield)
rPois  .         rRot     .     c - +0 helmet
rElec  .         Spirit   .     (no cloak)
SustAb .         Warding  .     (no gloves)
rMut   .         NoTele   +     (no boots)
Gourm  .                        e - amulet of resist corrosion
MR     +....                    m - +6 ring of dexterity
                                n - +6 ring of dexterity

@: mighty, agile, protected from physical damage, very slightly contaminated,
hasted, repel missiles, very quick, somewhat resistant to hostile enchantments,
very unstealthy
A: bottle blood, fangs 3, see invisible, unbreathing
a: Bat Form, Bottle Blood, Upheaval, Elemental Force, Disaster Area, Renounce
Religion


You were in the Dungeon.
You worshipped Qazlal.
Qazlal was extremely pleased with you.
You were not thirsty.

You visited 1 branch

Inventory:

Hand weapons
 a - a +0 cutlass
 l - a +5 cutlass (weapon)
Missiles
 d - 2 throwing nets (quivered)
Armour
 b - a +0 leather armour (worn)
 c - a +0 helmet (worn)
Magical devices
 s - a wand of disintegration (7)
 t - a wand of fire (5)
 u - a wand of cold (5)
 v - a wand of draining (5)
Scrolls
 k - 4 scrolls of blinking
 y - 4 scrolls of amnesia
 E - 3 scrolls of recharging
 F - 7 scrolls of fog
 G - 5 scrolls of identify
 H - 5 scrolls of remove curse
 I - 2 scrolls of fear
Jewellery
 e - an amulet of resist corrosion (around neck)
 m - a +6 ring of dexterity (right hand)
 n - a +6 ring of dexterity (left hand)
 o - a +6 ring of intelligence
 p - a +6 ring of intelligence
 q - a cursed +6 ring of strength
 r - a +6 ring of strength
 B - a cursed +5 ring of protection
 L - the ring "Tete" {Fire Slay+6 SInv}
   (You found it in the Dungeon)

   [ring of fire]

   It enhances your fire magic, and weakens your ice magic.
   It affects your accuracy and damage with ranged weapons and melee attacks
   (+6).
   It protects you from fire.
   It makes you vulnerable to cold.
   It enhances your eyesight.
 M - the cursed ring "Braret" {rC+ MR+ Slay+2 Stlth-}
   (You found it in the Dungeon)

   [ring of loudness]

   It affects your accuracy and damage with ranged weapons and melee attacks
   (+2).
   It protects you from cold.
   It affects your resistance to hostile enchantments.
   It makes you less stealthy.
   It has a curse placed upon it.
Potions
 f - 10 potions of curing
 h - 5 potions of haste
 i - 7 potions of magic
 j - 3 potions of berserk rage
 w - 2 potions of brilliance
 z - 2 potions of restore abilities
 A - 4 potions of resistance
 C - 3 potions of agility
 D - 2 potions of might
Books
 J - Bopreeha's Volume of Displaced Good Luck
   (You found it in the Dungeon)

   Spells                             Type                      Level
   Infusion                           Charms                       1
   Shroud of Golubria                 Charms/Translocation         2
   *Repel Missiles                    Charms/Air                   2
   Control Teleport                   Charms/Translocation         4
   Warp Weapon                        Charms/Translocation         5
 K - a book of Envenomations

   Spells                             Type                      Level
   Spider Form                        Transmutation/Poison         3
   Alistair's Intoxication            Transmutation/Poison         4
   Olgreb's Toxic Radiance            Poison                       4
   Poisonous Cloud                    Conjuration/Poison/Air       6


   Skills:
 + Level 12.0 Fighting
 - Level 14.4 Short Blades
 - Level 1.5 Throwing
 + Level 5.5 Armour
 + Level 14.1 Dodging


You had 7 spell levels left.
You knew the following spells:

 Your Spells              Type           Power        Failure   Level  Hunger
D - Repel Missiles        Chrm/Air       #.....       61%         2    ###....


Dungeon Overview and Level Annotations

Branches:
Dungeon (1/1)

Altars:
Ashenzari
Cheibriados
Dithmenos
Elyvilon
Fedhas
Gozag
Kikubaaqudgha
Makhleb
Nemelex Xobeh
Okawaru
Qazlal
Sif Muna
Trog
Vehumet
Xom
Yredelemnul
Zin
The Shining One
Beogh
Jiyva
Lugonu


Innate Abilities, Weirdness & Mutations

You can bottle blood from corpses.
You have razor-sharp teeth.*
You have supernaturally acute eyesight.
You can survive without breathing.*


Message History

Mnunafabb is severely wounded.
Mnunafabb hits you!!
* * * LOW HITPOINT WARNING * * *
Your resistance to fire fades away.
You feel protected from physical attacks.
The sun demon completely misses you.
The shadow imp shouts, "Crawl home, thou surly anaemic wastrel!"
The shadow imp completely misses you.
Drink which item? (? for menu, Esc to quit)
You feel much better. Mnunafabb hits you but does no damage.
Drink which item? (? for menu, Esc to quit)
Okay, then.
You slash the sun demon! You bite the sun demon.
The sun demon is lightly wounded.
The sun demon hits you!
* * * LOW HITPOINT WARNING * * *
You are engulfed in flames!
* * * LOW HITPOINT WARNING * * *
The shadow imp hits you.
You die...

▓▓▓▓▓▓▓▓▓
▓..8©8..▓
▓..)|:..▓
▓..?))..▓
▓.......▓
▓.......▓
▓..§§...▓
▓...35§.▓
▓.▓§@&▓.▓
▓.......▓
▓▓▓▓▓▓▓▓▓


You could see Mnunafabb, a sun demon and a shadow imp.

Vanquished Creatures
  A vault guard (D)
  An ice devil (D)
  A large abomination (D)
  3 sixfirhies (D)
  A kobold demonologist (D)
  A hellwing (D)
  A yaktaur (D)
  A guardian mummy (D)
  A deep elf priest (D)
  A freezing wraith (D)
  A fire vortex (D)
  A fire elemental (D)
  A hell hound (D)
  A phantom (D)
  A necrophage (D)
  A crimson imp (D)
  An iron imp (D)
  2 orc priests (D)
  2 orc wizards (D)
  2 mummies (D)
  2 shadow imps (D)
  2 ufetubi (D)
  A goblin zombie (D)
30 creatures vanquished.

Vanquished Creatures (others)
  Nikola (D)
  2 acid blobs (D)
  4 azure jellies (D)
  Snorg (D)
  A death ooze (D)
  A vault guard (D)
  Harold (D)
  Maurice (D)
  Prince Ribbit (D)
  Menkaure (D)
  Sigmund (D)
  Duvessa (D)
  Crazy Yiuf (D)
  Ijyb (D)
  Jessica (D)
19 creatures vanquished.

Grand Total: 49 creatures vanquished

Notes
Turn   | Place    | Note
--------------------------------------------------------------
     0 | D        | PolkaDot, the Vampire Gladiator, began the quest for the Orb.
     0 | D        | Reached XP level 1. HP: 16/16 MP: 1/1
     0 | D        | Found an ancient bone altar of Kikubaaqudgha.
     1 | D        | Found a basalt altar of Yredelemnul.
     1 | D        | Found an iron altar of Okawaru.
     2 | D        | Found a radiant altar of Vehumet.
     2 | D        | Found a shimmering altar of Xom.
     4 | D        | Found a burning altar of Makhleb.
    12 | D        | Found a deep blue altar of Sif Muna.
    13 | D        | Found a sparkling altar of Nemelex Xobeh.
    14 | D        | Found a white marble altar of Elyvilon.
    14 | D        | Found a bloodstained altar of Trog.
    14 | D        | Found a corrupted altar of Lugonu.
    16 | D        | Found a roughly hewn altar of Beogh.
    38 | D        | Reached skill level 8 in Short Blades
    38 | D        | Reached XP level 2. HP: 22/22 MP: 2/2
    43 | D        | Became a worshipper of Qazlal Stormbringer
    53 | D        | Entered arena 1.
    53 | D        | Noticed a necrophage
    53 | D        | Noticed a phantom
    59 | D        | Killed a necrophage
    59 | D        | Reached skill level 9 in Short Blades
    59 | D        | Reached skill level 5 in Dodging
    59 | D        | Reached XP level 3. HP: 18/30 MP: 3/3
    59 | D        | Reached XP level 4. HP: 22/37 MP: 4/4
    62 | D        | Killed a phantom
    62 | D        | Reached skill level 5 in Fighting
    62 | D        | Reached skill level 10 in Short Blades
    62 | D        | Reached XP level 5. HP: 15/44 MP: 5/5
    69 | D        | Identified the Catalogue of Virous Changing (You found it in the Dungeon)
   214 | D        | Killed Ijyb
   217 | D        | Killed Sigmund
   219 | D        | Killed Crazy Yiuf
   230 | D        | Killed Duvessa
   235 | D        | Killed Snorg
   269 | D        | Entered arena 2.
   269 | D        | Noticed a fire vortex
   269 | D        | Noticed a fire elemental
   269 | D        | Noticed a hell hound
   277 | D        | Killed a fire vortex
   277 | D        | Reached skill level 11 in Short Blades
   277 | D        | Reached XP level 6. HP: 31/53 MP: 6/6
   281 | D        | Killed a fire elemental
   281 | D        | Reached skill level 12 in Short Blades
   281 | D        | Reached XP level 7. HP: 20/60 MP: 7/7
   285 | D        | Killed a hell hound
   285 | D        | Acquired Qazlal's first power
   294 | D        | Identified Bopreeha's Volume of Displaced Good Luck (You found it in the Dungeon)
   299 | D        | Learned a level 2 spell: Repel Missiles
   328 | D        | Killed Harold
   333 | D        | Killed Maurice
   333 | D        | Killed Prince Ribbit
   401 | D        | Killed a death ooze
   407 | D        | Killed Jessica
   417 | D        | Killed an acid blob
   432 | D        | Killed an azure jelly
   437 | D        | Killed Nikola
   444 | D        | Killed an azure jelly
   460 | D        | Killed an azure jelly
   475 | D        | Killed an acid blob
   475 | D        | Killed Menkaure
   483 | D        | Entered arena 3.
   483 | D        | Noticed a guardian mummy
   493 | D        | Killed a guardian mummy
   493 | D        | Reached skill level 10 in Dodging
   494 | D        | Acquired Qazlal's second power
   537 | D        | Killed an azure jelly
   545 | D        | Entered arena 4.
   545 | D        | Noticed an orc priest
   545 | D        | Noticed an orc wizard
   545 | D        | Noticed an orc priest
   545 | D        | Noticed an orc wizard
   551 | D        | Killed an orc wizard
   557 | D        | Killed an orc priest
   558 | D        | Killed an orc wizard
   558 | D        | Acquired Qazlal's third power
   560 | D        | Killed an orc priest
   560 | D        | Reached skill level 13 in Short Blades
   560 | D        | Reached XP level 8. HP: 28/70 MP: 8/8
   570 | D        | Got the ring "Tete" {Fire Slay+6 SInv}
   572 | D        | Got the cursed ring "Braret" {rC+ MR+ Slay+2 Stlth-}
   573 | D        | Entered arena 5.
   573 | D        | Noticed a large abomination
   573 | D        | Noticed a crimson imp
   573 | D        | Noticed an iron imp
   578 | D        | Killed an iron imp
   578 | D        | Killed a crimson imp
   578 | D        | Acquired Qazlal's fourth power
   580 | D        | Killed a large abomination
   590 | D        | Entered arena 6.
   590 | D        | Noticed a yaktaur
   590 | D        | Noticed a vault guard
   590 | D        | Noticed a deep elf priest
   590 | D        | Noticed a freezing wraith
   590 | D        | Noticed a kobold demonologist
   590 | D        | Noticed a vault guard
   593 | D        | Killed a freezing wraith
   593 | D        | Reached skill level 10 in Fighting
   593 | D        | Reached skill level 14 in Short Blades
   600 | D        | Killed a kobold demonologist
   606 | D        | Killed a vault guard
   606 | D        | Reached XP level 9. HP: 62/79 MP: 9/9
   612 | D        | Killed a vault guard
   612 | D        | Acquired Qazlal's fifth power
   614 | D        | Killed a deep elf priest
   619 | D        | Killed a yaktaur
   637 | D        | Entered arena 7.
   637 | D        | Noticed an ice devil
   637 | D        | Noticed Mnunafabb the pandemonium lord
   637 | D        | Noticed a hellwing
   640 | D        | Noticed a hellwing
   640 | D        | Noticed a sixfirhy
   641 | D        | Noticed a sixfirhy
   644 | D        | Killed a sixfirhy
   647 | D        | Killed a sixfirhy
   651 | D        | Noticed a sixfirhy
   651 | D        | Noticed a smoke demon
   654 | D        | Killed a hellwing
   664 | D        | Killed a sixfirhy
   666 | D        | Noticed a sun demon
   672 | D        | Killed an ice devil
   672 | D        | Reached skill level 5 in Armour
   672 | D        | Reached XP level 10. HP: 40/89 MP: 10/10
   716 | D        | HP: 2/89 [sun demon[Mnunafabb] (11)]
   716 | D        | Slain by a shadow imp

Action                   |  1- 3 |  4- 6 |  7- 9 | 10-12 || total
-------------------------+-------+-------+-------+-------++-------
Melee: Cutlass           |     5 |    13 |    85 |    38 ||   141
Throw: Throwing net      |       |       |     1 |       ||     1
  Use: Potion            |     2 |     1 |    12 |     6 ||    21
 Stab: Invisible         |       |     3 |     6 |       ||     9
       Held in net/web   |       |       |     1 |       ||     1
